 Dungeon Crawl Stone Soup version 0.30-a0-883-g5ad918d77d (webtiles) character file.

Game seed: 3549163800497281377

20363 jlumianski the Skirmisher (level 12, -2/94 HPs)
             Began as a Demonspawn Fighter on Mar 16, 2023.
             Was a High Priest of Okawaru.
             Slain by a skeletal warrior
             ... wielding a +0 trident
              (13 damage)
             ... on level 13 of the Dungeon on Mar 17, 2023.
             The game lasted 00:52:07 (10658 turns).

jlumianski the Skirmisher (Demonspawn Fighter)     Turns: 10658, Time: 00:52:08

Health: -2/94      AC: 18    Str: 20    XL:     12   Next: 44%
Magic:  15/15      EV: 15    Int:  9    God:    Okawaru [*****.]
Gold:   349        SH:  0    Dex: 15    Spells: 11/11 levels left

rFire   + . .      SeeInvis +    i - +8 storm bow {elec, penet}
rCold   + . .      Faith    .    (shield currently unavailable)
rNeg    . . .      Spirit   .    t - +7 Kryia's mail coat {PotionHeal*2 rC+}
rPois   +          Reflect  .    S - +1 hat {SInv}
rElec   .          Rampage  .    (no cloak)
rCorr   .                        (no gloves)
Will    .....                    (no boots)
Stlth   ++                       e - amulet of regeneration
HPRegen 1.15/turn                j - ring of protection from fire
MPRegen 0.14/turn                I - ring of poison resistance

@: agile
A: icy blue scales 2, ignite blood 2, powered by pain 1, weakness stinger 2
a: Renounce Religion, Heroism, Finesse, Duel


You were on level 13 of the Dungeon.
You worshipped Okawaru.
Okawaru was extremely pleased with you.
You visited 2 branches of the dungeon, and saw 14 of its levels.

You collected 676 gold pieces.
You spent 327 gold pieces at shops.

Inventory:

Hand Weapons
 a - a +0 war axe of draining
 i - the +8 storm bow (weapon) {elec, penet}
   (You found it on level 5 of the Dungeon)
 x - the +4 dagger of Harmony {protect, rPois rN+++ Str-4 Int-3}
   (You found it on level 11 of the Dungeon)

   Str:       It affects your strength (-4).
   Int:       It affects your intelligence (-3).
   rPois:     It protects you from poison.
   rN:        It renders you almost immune to negative energy.
Missiles
 m - 3 boomerangs
 q - 7 throwing nets
 C - 6 javelins
 D - 7 curare-tipped darts
 N - 32 poisoned darts
 Q - 2 silver boomerangs
Armour
 t - the +7 Kryia's mail coat (worn) {PotionHeal*2 rC+}
   (You found it on level 10 of the Dungeon)

   PotionHeal*2: Potions heal its wearer twice as much.
   rC:        It protects you from cold.
 S - a +1 hat of see invisible (worn)
 Y - a scarf of repulsion
Jewellery
 e - an amulet of regeneration (around neck)
 f - a ring of protection from cold
 g - an amulet of the acrobat
 j - a ring of protection from fire (left hand)
 k - a ring of positive energy
 y - a ring of protection from fire
 F - a ring of flight
 I - a ring of poison resistance (right hand)
 X - a ring of resist corrosion
Wands
 b - a wand of iceblast (9)
 z - a wand of quicksilver (15)
 J - a wand of paralysis (24)
 L - a wand of flame (36)
 R - a wand of digging (3)
 T - a wand of mindburst (15)
Scrolls
 c - a scroll of amnesia
 h - 4 scrolls of poison
 n - a scroll of blinking
 u - a scroll of enchant armour
 v - a scroll of fog {unknown}
 A - 5 scrolls of teleportation
 G - a scroll of silence
 K - a scroll of fear {unknown}
 W - 2 scrolls of immolation
Potions
 d - 4 potions of might
 l - 8 potions of heal wounds
 o - 8 potions of curing
 p - 4 potions of attraction
 r - 3 potions of lignification
 s - 3 potions of flight
 w - 3 potions of haste
 B - a potion of invisibility
 H - a potion of resistance {unknown}
 V - 2 potions of cancellation
 Z - a potion of mutation
Miscellaneous
 E - a piece from Xom's chessboard (15/15)


   Skills:
 * Level 8.6 Fighting
 - Level 3.2 Axes
 * Level 13.6 Ranged Weapons
 + Level 6.8 Armour
 + Level 1.3 Dodging
 * Level 5.0 Stealth
 - Level 3.2 Shields
 * Level 5.3 Invocations
 * Level 6.5 Evocations


You had 11 spell levels left.
You didn't know any spells.
Your spell library contained the following spells:

 Spells                   Type           Power      Damage    Failure   Level
 Foxfire                  Conj/Fire      0%         2x1d4     71%         1
 Sandblast                Erth           0%         2d4       71%         1
 Sting                    Tmut/Pois      0%         1d3       71%         1
 Ensorcelled Hibernation  Hex/Ice        0%         N/A       83%         2
 Passwall                 Tmut/Erth      0%         N/A       83%         2
 Poisonous Vapours        Pois/Air       0%         N/A       83%         2
 Sublimation of Blood     Necr           0%         N/A       83%         2
 Wereblood                Tmut           0%         N/A       83%         2
 Ozocubu's Armour         Ice            0%         N/A       97%         3
 Stone Arrow              Conj/Erth      0%         3d7       97%         3
 Cause Fear               Hex            0%         N/A       100%        4
 Leda's Liquefaction      Hex/Erth       0%         N/A       100%        4
 Olgreb's Toxic Radiance  Pois           0%         N/A       100%        4
 Alistair's Intoxication  Tmut/Pois      0%         N/A       100%        5
 Borgnjor's Vile Clutch   Necr/Erth      0%         N/A       100%        5
 Fireball                 Conj/Fire      0%         3d3       100%        5
 Metabolic Englaciation   Hex/Ice        0%         N/A       100%        5
 Eringya's Noxious Bog    Tmut/Pois      0%         N/A       100%        6
 Starburst                Conj/Fire      0%         6d3       100%        6
 Dragon Form              Tmut           0%         N/A       100%        7
 Lehudib's Crystal Spear  Conj/Erth      0%         10d2      100%        8
 Summon Guardian Golem    Hex/Summ       Unusable   N/A       N/A         3
 Animate Armour           Summ/Erth      Unusable   N/A       N/A         4
 Simulacrum               Ice/Necr       Unusable   N/A       N/A         6
 Summon Hydra             Summ           Unusable   N/A       N/A         7
 Dragon's Call            Summ           Unusable   N/A       N/A         9

Dungeon Overview and Level Annotations

Branches:
Dungeon (13/15)            Temple (1/1) D:6            Lair (0/5) D:10
    Orc (0/2) D:10
 Vaults: D:13-14

Altars:
Ashenzari
Dithmenos
Fedhas
Kikubaaqudgha
Makhleb
Nemelex Xobeh
Okawaru
Qazlal
Ru
Sif Muna
Uskayaw
Wu Jian
Yredelemnul

Shops:
D:1 *   D:10 *


Innate Abilities, Weirdness & Mutations

You are mostly covered in icy blue scales. (AC +3)
Your demonic aura often causes spilled blood to erupt in flames.
You sometimes gain a little power by taking damage.
You have a tail ending in a sharp stinger.


Message History

The arrow pierces through the skeletal warrior!
The skeletal warrior is moderately damaged.
The skeletal warrior hits you but does no damage.
The skeletal warrior hits you from afar with a +0 halberd.
The skeletal warrior completely misses you.
The skeletal warrior hits you with a +0 trident!
The skeletal warrior attacks as you move away!
The skeletal warrior hits you with a +0 trident!
The skeletal warrior hits you from afar with a +0 trident.
You shoot an arrow.
The arrow pierces through the skeletal warrior but does no damage.
The arrow pierces through the skeletal warrior.
The skeletal warrior is moderately damaged.
The skeletal warrior is engulfed in blazing flames.
The skeletal warrior barely misses you.
The skeletal warrior hits you from afar with a +0 trident!!
You focus on the pain.
You feel agile all of a sudden.
The skeletal warrior hits you from afar with a +0 trident!
You are too injured to fight recklessly!
You are too injured to fight recklessly!
Fire: i) +8 storm bow {elec, penet}
Press: ? - help, Q - select action, (/) - cycle Shift-Dir - straight line, f/p - skeletal warrior
Aim: a skeletal warrior, wielding a +0 trident (flame, lightly damaged, 73% to hit)
You shoot an arrow.
The arrow pierces through the skeletal warrior.
Lightning courses through the skeletal warrior!
The skeletal warrior is moderately damaged.
The arrow pierces through the skeletal warrior but does no damage.
The skeletal warrior is moderately damaged.
The skeletal warrior is engulfed in blazing flames.
The skeletal warrior is engulfed in blazing flames.
The skeletal warrior hits you with a +0 trident!!
* * * LOW HITPOINT WARNING * * *
Unknown command.
The skeletal warrior attacks as you move away!
The skeletal warrior hits you with a +0 trident!
* * * LOW HITPOINT WARNING * * *
The skeletal warrior hits you from afar with a +0 trident!
You die...

######.####.##.# #.#
#.# #.# #.# #.# #.#
#.# #.# ##.## #.#
##...###.##
##.#.#.#...######
#.##.......zz☼@.#
##.###.#...####.#
##.#.###.## #.# ####
##.###.#.####.## #..
####.###......# #.#
##.#.####..########.#
##.## #...........#
### ##.#######..#####
#...............


You could see 2 skeletal warriors.

Vanquished Creatures
  Gastronok (D:7)
  Snorg (D:12)
  Harold (D:12)
  Erica (D:8)
  3 two-headed ogres
  A boulder beetle (D:10)
  A deep elf knight (D:12)
  Amaemon (D:9)
  3 orc knights (D:12)
  An ugly thing (D:13)
  A cyclops (D:12)
  2 manticores
  Joseph (D:7)
  An orange demon (D:9)
  A gargoyle (D:11)
  Maggie (D:9)
  An unseen horror (D:12)
  A kobold demonologist (D:9)
  3 trolls
  A vampire (D:12)
  2 shadows
  3 wraiths
  3 basilisks
  8 yaks
  3 wyverns
  A fire elemental (D:11)
  6 vampire mosquitoes
  Menkaure (D:7)
  A steam dragon (D:7)
  4 water moccasins
  3 acid dragons
  2 ice beasts
  Duvessa (D:4)
  2 orc warriors
  4 black bears
  2 sky beasts (D:7)
  3 wolves (D:10)
  3 centaurs
  A phantom (D:6)
  Blork the orc (D:5)
  3 gnoll sergeants
  2 kobold brigands
  4 scorpions
  An earth elemental (D:11)
  A bullfrog (D:6)
  3 wights (D:9)
  Dowan (D:4)
  10 killer bees
  2 howler monkeys
  6 orc priests
  4 hounds
  3 sleepcaps
  Crazy Yiuf (D:2)
  An iguana (D:5)
  Jessica (D:2)
  A gnoll bouda (D:6)
  11 orc wizards
  Robin (D:2)
  18 gnolls
  2 adders
  2 shadow imps
  4 white imps
  2 ufetubi
  2 worms
  2 dart slugs
  33 orcs
  8 endoplasms
  3 giant cockroaches
  14 goblins
  11 hobgoblins
  7 jackals
  2 quokkas
  6 ball pythons
  3 bats
  4 frilled lizards (D:1)
  19 kobolds
  3 rats
282 creatures vanquished.

Vanquished Creatures (others)
  An air elemental (D:11)
  A water elemental (D:11)
  A fungus (D:10)
  19 plants (D:10)
22 creatures vanquished.

Grand Total: 304 creatures vanquished

Notes
Turn   | Place    | Note
-------+----------+-------------------------------------------
     0 | D:1      | jlumianski the Demonspawn Fighter began the quest for the
                  | Orb.
     0 | D:1      | Reached XP level 1. HP: 18/18 MP: 1/1
   114 | D:1      | Gained mutation: You have a small tail. [demonic ancestry]
   114 | D:1      | Reached XP level 2. HP: 21/24 MP: 2/2
   516 | D:1      | Found Mopabryu's General Store.
   798 | D:1      | Reached XP level 3. HP: 21/29 MP: 3/3
  1454 | D:2      | Noticed Robin
  1462 | D:2      | Killed Robin
  1479 | D:2      | Reached XP level 4. HP: 22/35 MP: 4/4
  1761 | D:2      | Found a runed translucent door.
  1762 | D:2      | Noticed Crazy Yiuf
  1828 | D:2      | Noticed Jessica
  1830 | D:2      | Killed Jessica
  1912 | D:2      | Killed Crazy Yiuf
  2288 | D:3      | Gained mutation: You are partially covered in icy blue
                  | scales. (AC +2) [demonic ancestry]
  2288 | D:3      | Reached XP level 5. HP: 41/41 MP: 5/5
  2382 | D:5      | Entered Level 5 of the Dungeon
  2386 | D:5      | Found the +8 storm bow {elec, penet}
  2861 | D:4      | Noticed an ice beast
  2872 | D:4      | Killed an ice beast
  2873 | D:4      | Reached skill level 2 in Ranged Weapons
  3190 | D:4      | Noticed Duvessa
  3190 | D:4      | Noticed Dowan
  3209 | D:4      | Killed Duvessa
  3210 | D:4      | Reached skill level 3 in Ranged Weapons
  3210 | D:4      | Reached XP level 6. HP: 48/48 MP: 6/6
  3210 | D:4      | Killed Dowan
  3527 | D:5      | Found a basalt altar of Yredelemnul.
  3580 | D:5      | Reached skill level 4 in Ranged Weapons
  3580 | D:5      | Gained mutation: Your demonic aura sometimes causes spilled
                  | blood to erupt in flames. [demonic ancestry]
  3580 | D:5      | Reached XP level 7. HP: 24/54 MP: 7/7
  3713 | D:5      | Reached skill level 5 in Ranged Weapons
  3782 | D:5      | Noticed Blork the orc
  3785 | D:5      | Killed Blork the orc
  3921 | D:5      | Reached skill level 5 in Fighting
  3921 | D:5      | Gained mutation: You are mostly covered in icy blue scales.
                  | (AC +3) [demonic ancestry]
  3921 | D:5      | Reached XP level 8. HP: 62/62 MP: 8/8
  4483 | D:7      | Reached skill level 6 in Ranged Weapons
  4522 | D:7      | Noticed Joseph
  4525 | D:7      | Killed Joseph
  4526 | D:7      | Reached skill level 7 in Ranged Weapons
  4526 | D:7      | Reached skill level 1 in Evocations
  4629 | D:6      | Found a staircase to the Ecumenical Temple.
  4645 | Temple   | Entered the Ecumenical Temple
  4711 | Temple   | Became a worshipper of Warmaster Okawaru
  4863 | D:7      | Reached skill level 8 in Ranged Weapons
  4863 | D:7      | Gained mutation: You sometimes gain a little power by
                  | taking damage. [demonic ancestry]
  4863 | D:7      | Reached XP level 9. HP: 66/68 MP: 9/9
  4888 | D:6      | Reached * piety under Okawaru
  4899 | D:6      | Reached skill level 9 in Ranged Weapons
  5266 | D:6      | Reached skill level 5 in Armour
  5680 | D:6      | Reached ** piety under Okawaru
  5768 | D:6      | Identified the +5 scimitar of Disgust {pain, Will+}
  6121 | D:8      | Reached skill level 1 in Stealth
  6177 | D:7      | Noticed Menkaure
  6181 | D:7      | Killed Menkaure
  6182 | D:7      | Gained mutation: You have a tail ending in a sharp stinger.
                  | [demonic ancestry]
  6182 | D:7      | Reached XP level 10. HP: 29/77 MP: 10/10
  6489 | D:8      | Got the Folio of the Evil Eye
  6533 | D:8      | Noticed Gastronok
  6584 | D:7      | Killed Gastronok
  6584 | D:7      | Reached *** piety under Okawaru
  6585 | D:7      | Reached skill level 10 in Ranged Weapons
  6630 | D:8      | Found Zin's Purification Station.
  6630 | D:8      | Noticed Erica
  6642 | D:8      | Killed Erica
  6664 | D:8      | Bought a potion of curing for 90 gold pieces
  6666 | D:8      | Found a hide-covered altar of Uskayaw.
  6895 | D:9      | Noticed a two-headed ogre
  6903 | D:8      | Killed a two-headed ogre
  6903 | D:8      | Reached **** piety under Okawaru
  6904 | D:8      | Reached skill level 11 in Ranged Weapons
  6904 | D:8      | Reached skill level 1 in Invocations
  7118 | D:9      | Found a broken altar of Ashenzari.
  7118 | D:9      | Found a shadowy altar of Dithmenos.
  7200 | D:9      | Noticed Maggie
  7203 | D:9      | Killed Maggie
  7213 | D:9      | Noticed a two-headed ogre
  7215 | D:9      | Killed a two-headed ogre
  7216 | D:9      | Reached skill level 1 in Dodging
  7271 | D:9      | Reached ***** piety under Okawaru
  7272 | D:9      | Gained mutation: Your demonic aura often causes spilled
                  | blood to erupt in flames. [demonic ancestry]
  7272 | D:9      | Reached XP level 11. HP: 55/84 MP: 12/12
  7406 | D:10     | Entered Level 10 of the Dungeon
  7425 | D:10     | Found Ylisk's Assorted Antiques.
  7438 | D:10     | Bought a scroll of identify for 60 gold pieces
  7438 | D:10     | Bought a pink potion for 27 gold pieces
  7438 | D:10     | Bought a notched agate ring for 150 gold pieces
  7440 | D:10     | Found the +7 Kryia's mail coat {PotionHeal*2 rC+}
  7506 | D:9      | Reached skill level 5 in Evocations
  7678 | D:9      | Noticed Amaemon
  7683 | D:9      | Killed Amaemon
  7961 | D:10     | Noticed a boulder beetle
  8150 | D:10     | Found a staircase to the Lair.
  8169 | D:10     | Reached skill level 12 in Ranged Weapons
  8208 | D:10     | Killed a boulder beetle
  8208 | D:10     | Received a gift from Okawaru
  8306 | D:10     | Noticed a two-headed ogre
  8310 | D:10     | Killed a two-headed ogre
  8331 | D:10     | Found a staircase to the Orcish Mines.
  8664 | D:11     | Found a large runed translucent door.
  8664 | D:11     | Found a large runed translucent door.
  9106 | D:11     | Identified the +4 dagger of Harmony {protect, rPois rN+++
                  | Str-4 Int-3}
  9634 | D:12     | Reached XP level 12. HP: 76/93 MP: 15/15
  9811 | D:12     | Reached skill level 13 in Ranged Weapons
  9812 | D:12     | Noticed Harold
  9824 | D:12     | Killed Harold
  9877 | D:12     | Reached skill level 5 in Invocations
 10213 | D:12     | Noticed Snorg
 10222 | D:12     | Killed Snorg
 10553 | D:13     | Reached skill level 5 in Stealth
 10658 | D:13     | Slain by a skeletal warrior

Illustrated notes

Levels and vault maps discovered:
D:1:      erik_arrival_cave_to_civilisation [erik_arrival_cave_to_hall],
          layout_basic, serial_curves, eino_curves_02, eino_curves_04,
          serial_shops, shop, item_on_display_a
D:2:      layout_loops_ring, uniq_jessica, uniq_robin, uniq_crazy_yiuf_cottage
D:3:      layout_loops_ring, minivault_19, kennysheep_minor_cross
D:4:      layout_gridville, corner_web_ring, uniq_duvessa
D:5:      layout_basic, mainiacjoe_overflow_brackets, uniq_blork_the_orc
D:6:      mumra_celtic_spiral_tile, layout_cave_pods,
          minmay_temple_entry_water_ring, serial_column_ruins, column_ruins_hut,
          column_ruins_circle_large, column_ruins_open_tiny,
          column_ruins_open_small, column_ruins_open_small, column_ruins_grid_1,
          column_ruins_grid_4, minmay_checkerbox
D:7:      layout_rooms, minmay_misc_feat_encased, uniq_menkaure, uniq_joseph
D:8:      layout_cave_pools, mainiacjoe_overflow_tiny_flanked, zin_purify,
          nrook_loot_triangle, uniq_gastronok, uniq_erica
D:9:      layout_roguey, chequers_temple_overflow_statue_of_worship,
          kennysheep_windowed_goal, uniq_amaemon, uniq_maggie
D:10:     layout_roguey, minmay_lair_entry_grove, serial_shops,
          nicolae_shop_advertising_works [nicolae_subvault_shop_adworks],
          dk_noncrumbling_4
D:11:     layout_loops_ring, lightli_elemental_guards
D:12:     layout_stronghold, sword_in_stone, uniq_snorg
D:13:     layout_loops_ring, erik_vaults_1, st_stairs_14, uniq_frances
Temple:   minmay_crystal_spiral_temple

Skill      XL: |  1  2  3  4  5  6  7  8  9 10 11 12 |
---------------+-------------------------------------+-----
Shields        | 3 |  3.2
Armour         | 3 4 5 6 |  6.8
Axes           | 2 3 |  3.2
Ranged Weapons | 3 4 5 8 9 11 12 13 | 13.6
Fighting       | 4 5 6 7 8 |  8.6
Evocations     | 2 3 4 6 |  6.5
Stealth        | 1 3 4 5 |  5.0
Invocations    | 2 4 5 |  5.3
Dodging        | 1 |  1.3

Action                     |  1- 3 |  4- 6 |  7- 9 | 10-12 || total
---------------------------+-------+-------+-------+-------++-------
  Melee: War axe           |   117 |    28 |     3 |       ||   148
         Tailslap          |     6 |     1 |     1 |     1 ||     9
         Longbow           |       |       |     5 |     4 ||     9
   Fire: Longbow           |       |    47 |   207 |   303 ||   557
  Throw: Stone             |     2 |     2 |       |       ||     4
 Invoke: Finesse           |       |       |       |     1 ||     1
    Use: Scroll            |       |    10 |     4 |     7 ||    21
         Potion            |       |     4 |       |     2 ||     6
 Armour: Scale mail        |    59 |    23 |       |    63 ||   145
         Plate armour      |       |    10 |   132 |    64 ||   206
  Dodge: Dodged            |    53 |    29 |    42 |    81 ||   205
  Block: Buckler           |    23 |     1 |       |       ||    24

Table legend: (Time is in decaauts)
 A = Elapsed time spent in this place.
 B = Non-inter-level travel time spent in this place.
 C = Inter-level travel time spent in this place.
 D = Time resting spent in this place.
 E = Time spent auto-exploring this place.
 F = Levels seen in this place.
 G = Mean time per level.
                   A        B        C        D        E       F      G
               +--------+--------+--------+--------+--------+-----+--------+
         Total |  11094 |  10664 |    430 |    104 |   6931 |  14 |  792.4 |
       Dungeon |  10969 |  10539 |    430 |    104 |   6885 |  13 |  843.8 |
        Temple |    124 |    124 |      0 |      0 |     46 |   1 |  124.0 |
               +--------+--------+--------+--------+--------+-----+--------+

Top non-repeatable levels by time:
     D:6: 1321 daAuts
     D:5: 1040 daAuts
     D:1: 1031 daAuts
    D:12: 1003 daAuts
     D:2: 982 daAuts
     D:4: 900 daAuts
    D:11: 847 daAuts
     D:9: 800 daAuts
    D:10: 781 daAuts
     D:8: 725 daAuts
     D:7: 664 daAuts
     D:3: 636 daAuts
    D:13: 232 daAuts
  Temple: 124 daAuts
